sneakhack, chaotic female elven Rogue G ... ....@.. .>...G.. --...... |...%.. |.%.... --..... |.%.|.. ----.-- |....| |<.-- ---- sneakhack the Cutpurse Experience level: 3 Strength: 13 Dexterity: 18 Constitution: 13 Intelligence: 10 Wisdom: 12 Charisma: 10 Health: 0(15) Energy: 17(17) Def: 3 Gold: 11 Moves: 1355 Dungeon seed: fcBOp13Bl50XLvBe Game ID: sneakhack_1433251595 Your Inventory: Coins $ - 11 gold pieces Weapons b - an uncursed +0 elven dagger named Glamdring (weapon in hand) h - 6 uncursed +0 elven daggers (in quiver) l - an uncursed +0 dagger I - an uncursed +0 orcish dagger Armor e - an uncursed +1 leather armor (being worn) n - an uncursed +0 dwarvish cloak Comestibles i - 2 uncursed tripe rations L - an uncursed banana Z - an uncursed food ration Potions J - an uncursed potion of paralysis O - an uncursed potion of sleeping Wands t - an uncursed wand of light (0:11) Tools g - an uncursed blindfold k - an uncursed lock pick B - an uncursed sack M - an uncursed tallow candle (0:200) N - an uncursed wax candle (0:400) Contents of the sack: 345 gold pieces an uncursed +0 elven short sword 2 uncursed eggs an uncursed fortune cookie 2 uncursed sprigs of wolfsbane an uncursed scroll of enchant weapon an uncursed scroll of identify an uncursed scroll of light 2 uncursed scrolls of scare monster an uncursed scroll of stinking cloud an uncursed spellbook of cure sickness an uncursed potion of gain ability an uncursed potion of restore ability an uncursed potion of sickness an uncursed potion of speed an uncursed potion of water 2 uncursed worthless pieces of green glass Spells known in the end: Name Level Category Fail Memory Your skills at the end: Fighting Skills Weapon Skills dagger [Basic] short sword [Basic] Spellcasting Skills Final Attributes: You were piously aligned. You had infravision. You were stealthy. You were lucky. You are dead. Vanquished creatures: a little dog a kitten a dwarf a hobbit a hobgoblin a giant rat a cave spider a yellow mold 7 gnomes a gecko 2 jackals a fox a kobold 2 goblins 2 grid bugs 3 newts 27 creatures vanquished. Voluntary challenges: You followed a strict vegan diet. You used a wielded weapon 18 times, starting on turn 246. You read items or engraved 58 times, starting on turn 1206. You never genocided any monsters. You never polymorphed an object. You never changed form. You used no wishes. You never split a pudding. You wrote Elbereth's name 50 times, starting on turn 1223. You never violated your personal moral code. Dungeon overview: The Dungeons of Doom: levels 1 to 5 Level 1 a long staircase Level 2 a sink Level 3 an altar to Mog, a fountain Level 4 stairs to The Gnomish Mines Level 5 The Gnomish Mines: levels 5 to 6 Level 5 <- You were here stairs to The Dungeons of Doom Level 6 History has recorded: On T:1 you entered the Dungeons of Doom to retrieve the Amulet of Yendor! On T:39 you reached level 2 of The Dungeons of Doom. On T:451 you reached level 3 of The Dungeons of Doom. On T:556 you advanced to experience level 2. On T:715 you reached level 4 of The Dungeons of Doom. On T:1066 you reached level 5 of The Dungeons of Doom. On T:1158 you reached level 1 of The Gnomish Mines. On T:1177 you advanced to experience level 3. On T:1199 you reached level 2 of The Gnomish Mines. Score breakdown: Gold: 356 ( 8683 points) Experience: 3 levels ( 7878 points) Exploration: 6 levels ( 11.76%) ( 9486 points) Discoveries: 4 items ( 1.38%) ( 3529 points) Valuables value: (no points given unless you survive) Artifact value: 0 ( 0 points) Variety of kills: 16 monsters ( 4.22%) ( 6163 points) Time penalty: 1355 turns ( 0 points) Survival: died (score multiplied by 80%) Total score: 28591 Latest messages: Something is written here in the dust. You read: "E:beHeth". You see no objects here. You add to the writing in the dust with your fingers. Your writing hand is beginning to cramp. The gnome lord hits! You die... Final status: Goodbye sneakhack the Rogue, killed by a gnome lord... You died in The Gnomish Mines on dungeon level 5 with 28591 points, and 356 pieces of gold, after 1355 moves. You were level 3 with a maximum of 15 hit points when you died.